 Dungeon Crawl Stone Soup version 0.27.0-1-g7a089689b8 (webtiles) character file.

Game seed: 15235487351268991457

307 theswoord the Slasher (level 6, -2/66 HPs)
             Began as a Demonspawn Gladiator on Aug 5, 2021.
             Slain by an orc priest (9 damage)
             ... on level 3 of the Dungeon.
             The game lasted 00:03:44 (3591 turns).

theswoord the Slasher (Demonspawn Gladiator)        Turns: 3591, Time: 00:03:44

Health: -2/66      AC: 23    Str: 16    XL:     6   Next: 16%
Magic:  6/6        EV:  2    Int:  9    God:
Gold:   118        SH:  0    Dex: 15    Spells: 5/5 levels left

rFire    . . .     SeeInvis .   a - +1 long sword
rCold    . . .     Faith    .   (no shield)
rNeg     + + +     Spirit   .   (armour currently unavailable)
rPois    +         Reflect  .   (helmet currently unavailable)
rElec    .         Harm     .   (cloak currently unavailable)
rCorr    .         Rampage  .   (gloves currently unavailable)
Will     .....     NoTele   +   (boots currently unavailable)
Stlth    +.........             (no amulet)
HPRegen  0.21/turn              (no ring)
MPRegen  0.10/turn              (no ring)

@: lethally poisoned (-2 -> -6), tree-form
A: stationary, stasis, torment immunity, boosted hp, (antennae 1), (claws 1),
powered by death 1
a: no special abilities


You were on level 3 of the Dungeon.
You were a tree.
You visited 1 branch of the dungeon, and saw 3 of its levels.

You collected 118 gold pieces.

Inventory:

Hand Weapons
 a - a +1 long sword (weapon)
Missiles
 d - 3 throwing nets (quivered)
Armour
 b - a +0 leather armour
 c - a +0 helmet
 f - a +0 scale mail (melded)
 i - a scarf of shadows (melded)
Scrolls
 h - a scroll of enchant weapon
 k - a scroll of identify
 l - a scroll of blinking {unknown}


   Skills:
 - Level 2.0 Fighting
 + Level 6.3 Long Blades
 - Level 1.7 Throwing
 - Level 2.6 Dodging


You had 5 spell levels left.
You didn't know any spells.
Your spell library was empty.

Dungeon Overview and Level Annotations

Branches:
Dungeon (3/15)

Altars:
Fedhas
Qazlal
Yredelemnul


Innate Abilities, Weirdness & Mutations

You are a tree.
Your roots penetrate the ground, keeping you stationary.
You cannot be teleported.
You are immune to unholy pain and torment.
Your maximum health is greatly increased.
Your equipment is partially melded.
((You have a pair of small antennae on your head.))
((You have sharp fingernails.))
You regenerate a little health from kills.


Message History

Things that are here:
a +0 club; a frilled lizard corpse; an orc corpse You barely miss the orc.
The orc priest barely misses you. The orc misses you.
The orc hits you with a +0 hand axe.
You closely miss the orc.
The orc priest hits you from afar with a +2 trident of venom!
The orc hits you from afar with a +0 trident.
* * * LOW HITPOINT WARNING * * *
The orc closely misses you.
You riposte.
You slash the orc!
You kill the orc!
The orc priest invokes the aid of Beogh against you.
Beogh smites you!
* * * LOW HITPOINT WARNING * * *
The orc hits you with a +0 trident.
* * * LOW HITPOINT WARNING * * *
Things that are here:
a +0 hand axe; a +0 leather armour; an orc corpse
Okay, then.
Really quaff the potion of lignification?
You turn into a tree.
Your scarf of shadows melds into your body.
Your +0 scale mail melds into your body.
The dungeon's light returns to normal.
Your roots penetrate the ground.
The orc priest hits you but does no damage.
You are poisoned.
The orc completely misses you.
You hit the orc priest but do no damage.
You feel very sick.
The orc priest hits you but does no damage.
The orc hits you but does no damage.
The orc priest hits you but does no damage.
Unknown command.
You barely miss the orc priest.
You feel sick. The orc hits you but does no damage.
The orc priest hits you but does no damage.
You hit the orc priest.
The orc priest is moderately wounded.
You feel sick. The orc hits you but does no damage.
The orc priest hits you with a +2 trident of venom!
You die...

##.........##
............#...
..(.............
................
##.o............
................ #.
........o....... ..
.....###oo...... ...
..... #♣##.### ..##
.... #)# # .... ....
##.## .... .#. ##...##
.... ##.....## .....
###.......#######
......
......_.........#######
......
..#.......#.###........
......
####.....##.####'''####


You could see an orc priest and 2 orcs.

Vanquished Creatures
  Sigmund (D:3)
  An orc priest (D:3)
  An orc wizard (D:3)
  3 adders (D:2)
  A worm (D:2)
  4 dart slugs
  5 orcs (D:3)
  8 endoplasms
  2 giant cockroaches
  7 goblins
  2 hobgoblins
  4 quokkas
  6 ball pythons
  4 bats
  5 frilled lizards
  6 kobolds
  2 rats
62 creatures vanquished.

Notes
Turn   | Place    | Note
-------+----------+-------------------------------------------
     0 | D:1      | theswoord the Demonspawn Gladiator began the quest for the
                  | Orb.
     0 | D:1      | Reached XP level 1. HP: 16/16 MP: 1/1
    27 | D:1      | Reached skill level 3 in Long Blades
   216 | D:1      | Gained mutation: You have a pair of small antennae on your
                  | head. [demonic ancestry]
   216 | D:1      | Reached XP level 2. HP: 12/22 MP: 2/2
  1139 | D:1      | Found a faded altar of an unknown god.
  1338 | D:1      | Reached XP level 3. HP: 27/27 MP: 3/3
  1758 | D:2      | Reached skill level 4 in Long Blades
  2342 | D:2      | Reached XP level 4. HP: 32/33 MP: 4/4
  3073 | D:3      | Found a stormy altar of Qazlal.
  3093 | D:3      | Found a blossoming altar of Fedhas.
  3116 | D:3      | Reached skill level 5 in Long Blades
  3118 | D:3      | Gained mutation: You have sharp fingernails. [demonic
                  | ancestry]
  3118 | D:3      | Reached XP level 5. HP: 24/38 MP: 5/5
  3321 | D:3      | Noticed Sigmund
  3339 | D:3      | Killed Sigmund
  3340 | D:3      | Reached skill level 6 in Long Blades
  3340 | D:3      | Gained mutation: You regenerate a little health from kills.
                  | [demonic ancestry]
  3340 | D:3      | Reached XP level 6. HP: 43/44 MP: 6/6
  3458 | D:3      | Found a basalt altar of Yredelemnul.
  3591 | D:3      | Slain by an orc priest

Skill      XL: |  1  2  3  4  5 |
---------------+----------------+-----
Long Blades    | 3 4 5 6 |  6.3
Fighting       | |  2.0
Throwing       | |  1.7
Dodging        | |  2.6

Action                   |  1- 3 |  4- 6 || total
-------------------------+-------+-------++-------
Melee: Long sword        |   120 |    73 ||   193
  Use: Scroll            |     3 |       ||     3
       Potion            |     2 |     5 ||     7
Armor: Leather armour    |    22 |       ||    22
       Skin              |    15 |    38 ||    53
       Scale mail        |    12 |    23 ||    35
Dodge: Dodged            |    72 |    34 ||   106
       Rpst.: Long sword |    21 |    14 ||    35

Levels and vault maps discovered:
D:1:      erik_arrival_blinker_ship, layout_basic,
          shapermc_ecumenical_altar_acropolis
D:2:      layout_loops_cross, minmay_misc_feat_rugged,
          chequers_serial_rivers_small_a, minmay_surrounded
D:3:      layout_rooms, grunt_temple_overflow_forces_of_nature,
          lemuel_round_altar, kennysheep_donut, uniq_sigmund
